AoeStats
← Launger

MegaRandom

506372851Analyzed
4v4 RM · 21d ago on Sep 13, 2026· 72m 43s· 8 players
Game mode
Random Map
Map size
Large (8 player)
Population
200
Speed
Normal
Resources
Standard
Victory
Conquest
Starting age
Dark Age
Ending age
Imperial Age
RankedLock teamsTeams togetherTeam positionsShared explorationLock speedFull tech treeHidden civsTurbo modeCheats
Victory
Defeat
🇬🇧 Persians · United Kingdom
1195
+9
🇬🇧 Armenians · United Kingdom
1068
+14
988
+17
🇬🇧 Teutons · United Kingdom
909
+20
🇵🇱 Magyars · Poland
1069
-17
🇷🇺 Maya · Russia
1031
-16
🇷🇺 Vikings · Russia
991
-14
🇪🇨 Persians · Ecuador
981
-13
Launger
9:13 Loom
11:49 Feudal Age
17:00 Castle Age
15:31 Double-Bit Axe
21:14 Scale Barding Armor
29:13 Bloodlines
29:05 Husbandry
31:58 Pikeman
32:45 Gold Mining
33:29 Chain Barding Armor
37:22 Imperial Age
35:00 Fletching
36:24 Bodkin Arrow
36:29 Padded Archer Armor
37:30 Gold Shaft Mining
37:43 Ballistics
38:05 Bracer
38:21 Leather Archer Armor
37:33 Crossbowman
38:22 Thumb Ring
38:34 Arbalester
41:06 Chemistry
41:49 Ring Archer Armor
42:11 Bow Saw
41:39 Capped Ram
56:19 Elite Magyar Huszar
57:31 Conscription
57:49 Stone Mining
59:53 Plate Barding Armor
63:47 Scale Mail Armor
63:55 Siege Engineers
ОлолоШа
0:29 Loom
13:16 Feudal Age
13:41 Horse Collar
13:49 Double-Bit Axe
17:13 Gold Mining
19:52 Castle Age
20:13 Forging
20:04 Scale Mail Armor
21:00 Bow Saw
20:53 Heavy Plow
20:41 Pikeman
21:22 Squires
23:01 Arson
23:02 Gambesons
23:16 Stone Mining
23:22 Crossbowman
24:02 Fletching
25:55 Gold Shaft Mining
26:50 Bodkin Arrow
28:58 Ballistics
28:36 Murder Holes
28:47 Padded Archer Armor
30:52 Leather Archer Armor
34:47 Chieftains
35:03 Masonry
34:34 Treadmill Crane
35:12 Chain Mail Armor
35:33 Iron Casting
34:22 Man-at-Arms
39:19 Imperial Age
37:16 Long Swordsman
40:03 Bracer
41:04 Blast Furnace
40:35 Plate Mail Armor
40:35 Ring Archer Armor
40:08 Bogsveigar
40:31 Conscription
41:32 Crop Rotation
42:06 Two-Man Saw
40:31 Arbalester
40:35 Two-Handed Swordsman
42:36 Champion
45:19 Elite Berserk
52:16 Siege Engineers
53:12 Chemistry
59:39 Fortified Wall
59:59 Architecture
Nazkort88
0:40 Loom
10:04 Feudal Age
11:02 Double-Bit Axe
21:13 Castle Age
21:56 Pikeman
24:09 Fletching
25:00 Bodkin Arrow
27:57 Squires
28:08 Town Watch
31:42 Murder Holes
32:00 Elite Skirmisher
33:05 Padded Archer Armor
34:46 Ballistics
39:28 Forging
39:20 Scale Mail Armor
39:35 Leather Archer Armor
47:35 Horse Collar
48:49 Wheelbarrow
64:46 Masonry
andrs_rg12
12:04 Feudal Age
15:52 Castle Age
13:36 Horse Collar
14:17 Double-Bit Axe
15:55 Bloodlines
17:32 Heavy Plow
19:53 Scale Barding Armor
21:54 Chain Barding Armor
23:28 Forging
28:42 Iron Casting
29:52 Pikeman
30:19 Gambesons
31:00 Scale Mail Armor
31:45 Fletching
32:26 Bodkin Arrow
33:51 Chain Mail Armor
34:15 Ballistics
35:36 Arson
37:34 Murder Holes
42:56 Thumb Ring
43:13 Kamandaran
43:46 Crossbowman
53:40 Light Cavalry
59:21 Imperial Age
59:02 Halberdier
60:13 Plate Mail Armor
60:44 Squires
62:51 Chemistry
63:22 Hussar
70:59 Conscription
72:47 Plate Barding Armor
J.A.R.V.I.S.
6:48 Loom
12:00 Feudal Age
16:26 Castle Age
20:05 Double-Bit Axe
26:08 Pikeman
34:14 Arson
35:51 Squires
37:29 Gold Mining
38:54 Fortified Wall
44:29 Imperial Age
42:20 Forging
42:11 Scale Mail Armor
44:35 Elite Teutonic Knight
45:55 Iron Casting
47:19 Elite Skirmisher
48:53 Conscription
48:33 Fletching
50:01 Ballistics
52:10 Bodkin Arrow
52:17 Padded Archer Armor
56:42 Bow Saw
56:14 Horse Collar
60:56 Chemistry
60:59 Heavy Plow
62:02 Two-Man Saw
61:23 Leather Archer Armor
65:43 Blast Furnace
64:59 Chain Mail Armor
64:52 Halberdier
Ali26026
4:10 Loom
9:48 Feudal Age
14:57 Castle Age
14:25 Double-Bit Axe
21:02 Horse Collar
22:15 Town Watch
25:04 Wheelbarrow
25:43 Bloodlines
27:52 Scale Barding Armor
28:24 Husbandry
29:14 Chain Barding Armor
29:44 Forging
31:33 Hand Cart
32:04 Iron Casting
31:51 Heavy Plow
32:22 Gold Mining
37:06 Imperial Age
36:43 Heavy Camel Rider
37:59 Plate Barding Armor
38:25 Blast Furnace
37:53 Bow Saw
38:15 Crop Rotation
38:55 Conscription
38:32 Cavalier
40:53 Two-Man Saw
40:13 Savar
49:32 Citadels
50:41 Fletching
51:14 Ballistics
51:58 Gold Shaft Mining
51:29 Bodkin Arrow
52:46 Elite War Elephant
70:33 Hoardings
70:50 Capped Ram
Edward794
5:15 Loom
11:48 Feudal Age
12:38 Double-Bit Axe
18:05 Castle Age
20:55 Crossbowman
23:24 Ballistics
23:10 Fletching
24:16 Padded Archer Armor
26:40 Leather Archer Armor
29:29 Bodkin Arrow
31:25 Scale Mail Armor
32:25 Town Watch
35:37 Wheelbarrow
39:23 Imperial Age
36:25 Elite Skirmisher
39:34 Horse Collar
40:06 Bow Saw
42:33 Ring Archer Armor
49:31 Capped Ram
52:36 Bracer
53:42 Chain Mail Armor
53:39 Gold Mining
54:39 Hand Cart
56:02 Town Patrol
55:43 Elite Composite Bowman
61:34 Chemistry
66:15 Heavy Plow
67:22 Siege Ram
68:46 Conscription
御园莓华世界一かわい
1:38 Loom
5:04 Loom
15:32 Feudal Age
16:23 Double-Bit Axe
17:49 Forging
18:04 Horse Collar
20:52 Castle Age
20:19 Man-at-Arms
21:20 Eagle Warrior
22:37 Iron Casting
25:31 Gambesons
41:29 Pikeman
52:38 Stone Mining
58:01 Heavy Plow
58:16 Bow Saw
59:07 Scale Mail Armor
59:00 Fletching
59:10 Padded Archer Armor
58:58 Elite Skirmisher
60:55 Bodkin Arrow
61:17 Leather Archer Armor
65:54 Atlatl
66:31 Gambesons
68:54 Gold Mining
69:42 Wheelbarrow
69:06 Man-at-Arms
74:09 Imperial Age
72:57 Scale Mail Armor
Connection lost

Rejoining the realm…

Still unreachable

The connection could not be restored.

Session expired

The server has moved on; the page needs a fresh start.